 Dungeon Crawl Stone Soup version 0.23-a0-208-gb6b040f (webtiles) character file.

100153 HerrDoktor the Executioner (level 16, -1/147 HPs)
             Began as a Hill Orc Abyssal Knight on Sept 24, 2018.
             Was the Champion of Lugonu.
             Blown up by an orb spider (32 damage)
             ... with a wavering orb of destruction
             ... on level 4 of the Spider Nest on Sept 25, 2018.
             The game lasted 02:00:04 (29216 turns).

HerrDoktor the Executioner (HOAK)                  Turns: 29216, Time: 02:00:05

Health: -1/147     AC: 15    Str: 29    XL:     16   Next: 27%
Magic:  0/19       EV: 10    Int:  7    God:    Lugonu [******]
Gold:   1755       SH:  0    Dex: 12    Spells: 15/15 levels left

rFire    . . .     SeeInvis .   a - +4 executioner's axe (distort)
rCold    . . .     Gourm    .   (shield currently unavailable)
rNeg     + . .     Faith    .   X - +7 plate armour {rN+}
rPois    +         Spirit   +   H - +0 helmet
rElec    .         Reflect  .   x - +2 cloak of Zin's Displeasure {Regen+ Str+5 Int-5 Slay+2}
rCorr    .         Harm     .   Z - +0 pair of gloves
MR       +....                  Y - +0 pair of boots
Stlth    ..........             V - amulet of guardian spirit
HPRegen  0.74/turn              y - +4 ring of strength
MPRegen  0.16/turn              K - ring of poison resistance

@: lethally poisoned (-1 -> -54), corroded, very slightly contaminated
A: no striking features
a: Depart the Abyss, Bend Space, Banish, Corrupt, Enter the Abyss, Renounce
Religion


You were on level 4 of the Spider Nest.
You worshipped Lugonu.
Lugonu was exalted by your worship.
You were hungry.

You visited 3 branches of the dungeon, and saw 23 of its levels.
You visited the Abyss 1 time.

You collected 1755 gold pieces.

Inventory:

Hand Weapons
 a - a +4 executioner's axe of distortion (weapon)
 b - a +0 war axe of flaming
 F - a +1 hand axe of venom
 W - a +1 hand axe of flaming
Missiles
 d - 3 javelins
 j - 9 tomahawks of dispersal
 v - 3 poisoned javelins (quivered)
 I - 2 throwing nets
Armour
 x - the +2 cloak of Zin's Displeasure (worn) {Regen+ Str+5 Int-5 Slay+2}
   (You acquired it on level 5 of the Dungeon)

   It affects your strength (+5).
   It affects your intelligence (-5).
   It affects your accuracy and damage with ranged weapons and melee attacks
   (+2).
   It increases your rate of regeneration.
 E - a +1 scale mail of cold resistance
 H - a +0 helmet (worn)
 P - the +3 ring mail "Qiwnaen" {Stlth+}
   (You found it on level 7 of the Dungeon)

   It makes you more stealthy.
 X - a +7 plate armour of positive energy (worn)
 Y - a +0 pair of boots (worn)
 Z - a +0 pair of gloves (worn)
Jewellery
 o - a +1 ring of protection
 u - an uncursed amulet of the gourmand
 w - an uncursed ring of ice
 y - a +4 ring of strength (left hand)
 K - a ring of poison resistance (right hand)
 V - an amulet of guardian spirit (around neck)
Wands
 f - a wand of disintegration (26)
 k - a wand of paralysis (12)
 D - a wand of flame (154)
 G - a wand of scattershot (3)
 O - a wand of polymorph (48)
 Q - a wand of digging (40)
 R - a wand of acid (23)
 U - a wand of iceblast (16)
Scrolls
 e - 6 scrolls of magic mapping
 m - 9 scrolls of remove curse
 t - 12 scrolls of teleportation
 z - 13 scrolls of identify
 N - 2 scrolls of fog
 T - a scroll of fear
Potions
 g - 5 potions of agility
 h - 2 potions of cancellation
 i - a potion of heal wounds
 l - 3 potions of curing
 n - 3 potions of haste
 p - 2 potions of brilliance
 B - 3 potions of flight
 C - 2 potions of might
 J - a potion of invisibility
 S - a potion of magic
Comestibles
 c - 30 rations


   Skills:
 + Level 14.9 Fighting
 + Level 24.0 Axes
 + Level 3.4 Throwing
 + Level 13.9 Armour
 + Level 5.0 Dodging
 + Level 1.8 Stealth
 + Level 4.0 Invocations
 + Level 0.5 Evocations


You had 15 spell levels left.
You didn't know any spells.
Your spell library contained the following spells:

 Spells                   Type           Power        Failure   Level  Hunger
 Beastly Appendage        Tmut           #.....       96%         1    ##.....
 Magic Dart               Conj           #...         96%         1    ##.....
 Blink                    Tloc           N/A          99%         2    ###....
 Call Imp                 Summ           #.......     99%         2    ###....
 Slow                     Hex            #.......     99%         2    ###....
 Sticks to Snakes         Tmut           #.......     99%         2    ###....
 Conjure Flame            Conj/Fire      #.......     100%        3    ####...
 Mephitic Cloud           Conj/Pois/Air  #.......     100%        3    ####...
 Spider Form              Tmut/Pois      #.........   100%        3    ####...
 Ice Form                 Ice/Tmut       #.......     100%        4    #####..
 Blade Hands              Tmut           #.........   100%        5    ######.
 Poison Arrow             Conj/Pois      #.........   100%        6    #######
 Chain Lightning          Conj/Air       #.........   100%        8    #######
 Lehudib's Crystal Spear  Conj/Erth      #.........   100%        8    #######
 Fire Storm               Conj/Fire      #.........   100%        9    #######
 Glaciate                 Conj/Ice       #.........   100%        9    #######


Dungeon Overview and Level Annotations

Branches:
Dungeon (13/15)            Temple (0/1) D:4            Lair (6/6) D:9
  Swamp (0/4) Lair:3       Spider (4/4) Lair:2        Slime (0/5) Lair:6
    Orc (0/2) D:12         Vaults (0/5) D:13

Altars:
Ashenzari
Cheibriados
Dithmenos
Elyvilon
Fedhas
Gozag
Hepliaklqana
Kikubaaqudgha
Nemelex Xobeh
Okawaru
Qazlal
Ru
Sif Muna
Zin
The Shining One
Jiyva

Shops:
D:8 %

Portals:
Trove: D:12 (give 4 potions of resistance)

Annotations:
D:5 Prince Ribbit
D:8 3 runed doors, RoseArtemis's ghost, novice DrFE
Lair:6 1 runed door
Spider:3 exclusion: Roxanne, Roxanne


Message History

A demonic crawler comes into view.
The emperor scorpion stings you!! The emperor scorpion claws you.
The emperor scorpion claws you but does no damage.
The redback bites you.
You are poisoned.
The redback poisons you!
The orb spider spins a strand of pure energy.
You hear an angry hiss.
An orb of destruction comes into view.
You feel very sick. The redback bites you!
* * * LOW HITPOINT WARNING * * *
You are lethally poisoned!
The redback poisons you! The emperor scorpion stings you!
* * * LOW HITPOINT WARNING * * *
The emperor scorpion claws you but does no damage.
The emperor scorpion claws you.
* * * LOW HITPOINT WARNING * * *
The wavering orb of destruction hits you!
You die...

#........
#...s....
#^.......
##....s..s
#....s....
#...s.....
##††.s.....
#†.@§......
#.sss......
#..§..#....
+s^.s.....^
+....s...#.
+..........
#......^#..
#..........
#........#.


You could see an emperor scorpion, a demonic crawler, a wolf spider, 4 orb
spiders, 3 tarantellas and 2 redbacks.

Vanquished Creatures
  Arachne (Spider:2)
  A ghost moth (Spider:2)
  3 emperor scorpions
  3 entropy weavers
  Josephine (D:12)
  2 fire dragons
  7 hydras
  Harold (Lair:2)
  A death knight (D:7)
  2 two-headed ogres
  Urug (D:12)
  Sonja (Lair:5)
  Nergalle (D:11)
  An unseen horror (D:10)
  A lindwurm (shapeshifter) (D:13)
  5 wolf spiders
  2 ugly things (D:12)
  2 lindwurms
  7 orb spiders
  A deep elf mage (D:13)
  A manticore (Lair:5)
  4 cyclopes
  13 elephants
  4 centaur zombies
  Joseph (D:10)
  2 molten gargoyles (Lair:6)
  Maurice (D:8)
  6 black mambas
  12 spiny frogs
  2 torpor snails
  2 gargoyles
  6 rime drakes (Lair:5)
  4 demonic crawlers
  10 komodo dragons
  18 jumping spiders
  A hornet (D:13)
  2 trolls
  23 blink frogs
  24 hippogriffs
  12 dream sheep
  A vampire (D:12)
  8 tarantellas
  70 redbacks
  11 wyverns
  30 yaks
  2 steam dragons
  2 hungry ghosts
  4 wraiths (D:12)
  11 basilisks
  8 vampire mosquitoes
  4 wargs (D:12)
  2 acid dragons
  11 water moccasins
  5 porcupines
  3 hell hounds (Lair:6)
  2 black bears
  An ice beast (D:6)
  3 sky beasts
  5 orc warriors
  5 centaurs
  9 wolves
  6 ogres
  20 crocodiles
  2 big kobolds (D:7)
  14 bullfrogs
  A wyvern skeleton (D:8)
  4 scorpions
  15 killer bees
  9 howler monkeys
  3 wights (D:9)
  3 electric eels
  7 crimson imps
  4 lava snakes (Lair:6)
  A bullfrog zombie (D:9)
  7 orc priests
  2 bullfrog skeletons
  5 centaur skeletons
  5 hounds
  Crazy Yiuf (D:7)
  7 iguanas
  4 jellies
  Jessica (D:2)
  10 orc wizards
  16 worker ants
  A hound zombie (D:7)
  2 worker ant zombies
  2 howler monkey skeletons
  19 adders
  2 shadow imps
  4 oozes
  2 adder zombies
  2 adder skeletons
  2 worms (D:3)
  3 dart slugs (D:1)
  5 leopard geckos
  61 orcs
  11 bats
  3 giant cockroaches
  6 goblins
  4 hobgoblins
  8 jackals
  4 quokkas
  4 frilled lizards
  A jackal skeleton (D:4)
  16 kobolds
  A quokka skeleton (D:4)
  8 rats
  8 fungi
  6 plants
721 creatures vanquished.

Vanquished Creatures (others)
  An elephant (Lair:6)
  A komodo dragon (Lair:6)
  2 demonic crawlers
  4 jumping spiders
  4 redbacks
  A steam dragon (Lair:6)
  A bush (Lair:5)
  23 fungi
  5 plants
42 creatures vanquished.

Grand Total: 763 creatures vanquished

Notes
Turn   | Place    | Note
-------+----------+-------------------------------------------
     0 | Abyss:1  | HerrDoktor the Hill Orc Abyssal Knight began the quest for
                  | the Orb.
     0 | Abyss:1  | Reached XP level 1. HP: 19/19 MP: 2/2
    90 | Abyss:1  | Noticed a rakshasa
    91 | D:1      | Escaped the Abyss
   180 | D:1      | Reached skill level 3 in Axes
   198 | D:1      | Reached XP level 2. HP: 27/27 MP: 3/3
   482 | D:1      | Reached skill level 1 in Dodging
   500 | D:1      | Reached * piety under Lugonu
   520 | D:1      | Reached XP level 3. HP: 30/33 MP: 4/4
   997 | D:1      | Reached skill level 4 in Axes
  1798 | D:2      | Found a sparkling altar of Nemelex Xobeh.
  1829 | D:2      | Found a hazy altar of Hepliaklqana.
  2139 | D:2      | Found a faded altar of an unknown god.
  2143 | D:2      | Noticed Jessica
  2150 | D:2      | Killed Jessica
  2150 | D:2      | Reached skill level 5 in Axes
  2150 | D:2      | Reached XP level 4. HP: 31/40 MP: 5/5
  2551 | D:3      | Reached XP level 5. HP: 21/47 MP: 6/6
  2908 | D:3      | Reached ** piety under Lugonu
  3327 | D:3      | Found an ancient bone altar of Kikubaaqudgha.
  3636 | D:3      | Found a sacrificial altar of Ru.
  3906 | D:4      | Reached skill level 5 in Fighting
  4162 | D:4      | Found a deep blue altar of Sif Muna.
  4285 | D:4      | Found a glowing golden altar of the Shining One.
  4392 | D:4      | Noticed an ogre
  4405 | D:4      | Found a glowing silver altar of Zin.
  4471 | D:5      | Entered Level 5 of the Dungeon
  4680 | D:5      | Reached XP level 6. HP: 56/56 MP: 7/7
  4706 | D:4      | Reached skill level 6 in Axes
  4974 | D:4      | Found a staircase to the Ecumenical Temple.
  5751 | D:5      | Reached XP level 7. HP: 61/61 MP: 9/9
  6015 | D:5      | Reached skill level 7 in Axes
  6639 | D:6      | Noticed Prince Ribbit
  7036 | D:5      | Identified a scroll of acquirement
  7039 | D:5      | Got a warped cloak
  7050 | D:5      | Identified the +2 cloak of Zin's Displeasure {Regen+ Str+5
                  | Int-5 Slay+2} (You acquired it on level 5 of the Dungeon)
  7140 | D:6      | Found a shattered altar of Ashenzari.
  7159 | D:6      | Reached skill level 8 in Axes
  7713 | D:6      | Reached XP level 8. HP: 65/70 MP: 10/10
  7720 | D:6      | Found an opulent altar of Gozag.
  7904 | D:6      | Reached skill level 9 in Axes
  8231 | D:7      | Found an iron altar of Okawaru.
  8256 | D:7      | Reached *** piety under Lugonu
  8413 | D:7      | Found a sparkling altar of Nemelex Xobeh.
  8463 | D:7      | Reached skill level 10 in Axes
  8557 | D:7      | Reached skill level 5 in Armour
  8613 | D:7      | Reached skill level 1 in Stealth
  8891 | D:7      | Reached XP level 9. HP: 77/77 MP: 11/11
  8945 | D:7      | Found a runed door.
  9000 | D:7      | Reached skill level 11 in Axes
  9052 | D:7      | Found a snail-covered altar of Cheibriados.
  9117 | D:7      | Reached skill level 1 in Throwing
  9210 | D:7      | Reached skill level 12 in Axes
  9515 | D:7      | Reached **** piety under Lugonu
  9666 | D:7      | Noticed a death knight
  9812 | D:8      | Noticed Maurice
  9971 | D:8      | Reached skill level 13 in Axes
  9971 | D:8      | Reached XP level 10. HP: 83/86 MP: 12/12
 10004 | D:8      | Killed Maurice
 10240 | D:8      | Found a runed gate.
 10240 | D:8      | Found a runed gate.
 10240 | D:8      | Found a runed gate.
 10240 | D:8      | Noticed RoseArtemis's ghost (novice DrFE)
 10320 | D:8      | Found Sageg's Food Boutique.
 10347 | D:8      | Found a white marble altar of Elyvilon.
 10874 | D:9      | Found a blossoming altar of Fedhas.
 10876 | D:9      | Found a stormy altar of Qazlal.
 11001 | D:9      | Reached skill level 14 in Axes
 11079 | D:9      | Found a staircase to the Lair.
 11455 | D:9      | Found a shadowy altar of Dithmenos.
 11617 | D:9      | Noticed a two-headed ogre
 11626 | D:9      | Killed a two-headed ogre
 11626 | D:9      | Reached skill level 15 in Axes
 12014 | D:7      | HP: 3/90 [death knight/battleaxe (4)]
 12282 | D:7      | Killed a death knight
 12282 | D:7      | Reached XP level 11. HP: 36/95 MP: 13/13
 12413 | D:7      | Got a smoking ring mail
 12441 | D:7      | Identified the +3 ring mail "Qiwnaen" {Stlth+} (You found
                  | it on level 7 of the Dungeon)
 12574 | D:7      | Noticed Crazy Yiuf
 12577 | D:7      | Killed Crazy Yiuf
 12735 | D:10     | Entered Level 10 of the Dungeon
 12989 | D:10     | Noticed a two-headed ogre
 13001 | D:10     | Killed a two-headed ogre
 13033 | D:10     | HP: 3/97 [poisoned by a killer bee]
 13333 | D:10     | Reached skill level 16 in Axes
 13549 | D:10     | Noticed Joseph
 13572 | D:10     | Killed Joseph
 13647 | D:10     | Killed an unseen horror
 14181 | Lair:1   | Entered Level 1 of the Lair of Beasts
 14341 | Lair:1   | Reached skill level 17 in Axes
 14605 | Lair:1   | Reached XP level 12. HP: 97/106 MP: 15/15
 14608 | Lair:1   | Reached ***** piety under Lugonu
 14608 | Lair:1   | Reached skill level 10 in Fighting
 14677 | Lair:1   | Noticed a four-headed hydra
 14790 | Lair:1   | Killed an eight-headed hydra
 15231 | Lair:1   | Reached skill level 18 in Axes
 15695 | Lair:2   | Found a hole to the Spider Nest.
 15981 | Lair:2   | Reached skill level 19 in Axes
 16328 | Lair:2   | Noticed Harold
 16341 | Lair:2   | Killed Harold
 16701 | Lair:3   | Noticed a four-headed hydra
 16746 | Lair:3   | Found a runed door.
 17534 | D:11     | Reached XP level 13. HP: 108/114 MP: 16/16
 17828 | D:11     | Noticed Nergalle
 17836 | D:11     | Killed Nergalle
 18200 | D:12     | Found a portal to a secret trove of treasure.
 18314 | D:12     | Reached skill level 20 in Axes
 18726 | D:12     | Reached ****** piety under Lugonu
 18765 | D:12     | Found a staircase to the Orcish Mines.
 18937 | D:12     | Noticed Urug
 18957 | D:12     | Killed Urug
 19053 | D:12     | Noticed Josephine
 19076 | D:12     | Killed Josephine
 20396 | D:13     | Reached skill level 10 in Armour
 20846 | D:13     | Noticed a fire dragon
 20849 | D:13     | Killed a fire dragon
 20907 | D:13     | Found a gate to the Vaults.
 21555 | Lair:3   | Reached skill level 21 in Axes
 21639 | Lair:3   | Found a staircase to the Swamp.
 22324 | Lair:4   | Reached XP level 14. HP: 114/125 MP: 14/17
 23093 | Lair:5   | Noticed Sonja
 23122 | Lair:5   | Killed Sonja
 23455 | Lair:5   | Reached skill level 22 in Axes
 23501 | Lair:5   | Identified a +2 executioner's axe of distortion (a +0
                  | executioner's axe of freezing corrupted by Lugonu)
 23501 | Lair:5   | Received a gift from Lugonu
 24112 | Lair:6   | Entered Level 6 of the Lair of Beasts
 24626 | Lair:6   | Found a runed door.
 24626 | Lair:6   | Found a viscous altar of Jiyva.
 24626 | Lair:6   | Found a staircase to the Slime Pits.
 24626 | Lair:6   | Noticed an acid blob
 24626 | Lair:6   | Noticed an acid blob
 24626 | Lair:6   | Noticed an acid blob
 24626 | Lair:6   | Noticed an acid blob
 24789 | Lair:6   | Reached XP level 15. HP: 134/136 MP: 18/18
 24960 | Lair:6   | Reached skill level 5 in Dodging
 25259 | Lair:6   | Found a large runed door.
 25310 | Lair:6   | Found a large runed door.
 25989 | Spider:1 | Entered Level 1 of the Spider Nest
 25993 | Spider:1 | Noticed an emperor scorpion
 26108 | Spider:1 | Killed an emperor scorpion
 26108 | Spider:1 | Reached skill level 23 in Axes
 27249 | Spider:2 | Upgraded the game from 0.23-a0-207-g93a313e to
                  | 0.23-a0-208-gb6b040f
 27369 | Spider:2 | Noticed an emperor scorpion
 27417 | Spider:2 | Killed an emperor scorpion
 27591 | Spider:2 | Noticed an emperor scorpion
 27730 | Spider:2 | Killed an emperor scorpion
 27812 | Spider:2 | Killed a ghost moth
 28163 | Spider:2 | Reached XP level 16. HP: 136/147 MP: 17/19
 28289 | Spider:2 | Noticed Arachne
 28299 | Spider:2 | Killed Arachne
 28828 | Spider:3 | Noticed Roxanne
 29192 | Spider:4 | Entered Level 4 of the Spider Nest
 29201 | Spider:4 | Reached skill level 24 in Axes
 29216 | Spider:4 | Blown up by an orb spider

Vault maps used:
D:1:      erik_arrival_gehennom, minmay_liquid_box
D:2:      lemuel_crystal_altar, overflow_temple_1_default, first_ration,
          chequers_ecumenical_altar_simple_redux, grunt_decor_resistance,
          uniq_jessica
D:3:      kiku_gazebo_pond_becter, nicolae_ru_path_of_blood
D:4:      old_standard_altar, lemuel_coloured_pillars_altar,
          minmay_temple_entry_enclosed_plants, led_sif_book
D:6:      nicolae_gozag_seed_capital, serial_column_ruins,
          column_ruins_square_small, column_ruins_square_medium,
          column_ruins_grid_3, column_ruins_grid_1, column_ruins_grid_1,
          column_ruins_corridor_corner, basic_altar, uniq_prince_ribbit1
D:7:      kennysheep_windowed_halls, marbit_many_paths, lemuel_doored_altar,
          basic_altar, grunt_ogre_cave, minmay_unpleasant_kobolds,
          uniq_crazy_yiuf_cottage
D:8:      elyvilon_altar_4, gammafunk_ghost_spectres, serial_shops,
          nicolae_shop_crystal, uniq_maurice
D:9:      grunt_temple_overflow_forces_of_nature, dpeg_oklobed_lair,
          grunt_dithmenos_smoke
D:10:     minmay_misc_feat_diagonals, uniq_joseph
D:11:     uniq_nergalle
D:12:     minmay_orc_entry_guard_dogs, enter_trove_3, uniq_josephine, uniq_urug
D:13:     david_vaults_4
Lair:2:   spider_nest_entry_a, minivault_26, columned_hall_lemuel,
          beast_lair_carwin_10, uniq_harold
Lair:3:   minmay_swamp_entry_swarm, st_stairs_8, pf_torpor_hydra
Lair:5:   uniq_sonja
Lair:6:   cheibrodos_lair_end_hotspot, slime_altar_2,
          nicolae_quartered_pool_super
Spider:1: spider_trap, guppyfry_spider_mini_3
Spider:2: nicolae_spider_stair_cavern, uniq_arachne
Spider:3: uniq_roxanne
Spider:4: spider_rune_water, nicolae_spider_webbed_stairs

Skill      XL: |  1  2  3  4  5  6  7  8  9 10 11 12 13 14 15 16 |
---------------+-------------------------------------------------+-----
Axes           | 3 5 6 8 10 13 15 17 19 21 22 23 24 | 24.0
Fighting       | 4 5 6 7 8 9 10 11 13 14 | 14.9
Dodging        | 1 2 3 4 5 |  5.0
Armour         | 3 4 5 6 7 8 9 10 12 13 | 13.9
Invocations    | 3 4 |  4.0
Stealth        | 1 |  1.8
Throwing       | 1 2 3 |  3.4
Evocations     | |  0.5

Action                   |  1- 3 |  4- 6 |  7- 9 | 10-12 | 13-15 | 16-18 || total
-------------------------+-------+-------+-------+-------+-------+-------++-------
Melee: Hand axe          |   111 |   227 |   552 |    86 |       |       ||   976
       War axe           |       |       |       |   172 |    84 |       ||   256
       Executioner's axe |       |       |       |   369 |   845 |    63 ||  1277
Throw: Javelin           |     2 |     8 |    15 |    50 |    24 |       ||    99
       Tomahawk          |       |       |       |       |     1 |       ||     1
Invok: Depart the Abyss  |     1 |       |       |       |       |       ||     1
       Bend Space        |       |     4 |     5 |     5 |       |       ||    14
       Banish            |       |       |     1 |       |       |       ||     1
       Brand Weapon With |       |       |       |       |     1 |       ||     1
Evoke: Wand              |       |       |       |       |     7 |       ||     7
  Use: Scroll            |     6 |     4 |     7 |    13 |    18 |     1 ||    49
       Potion            |       |     2 |     3 |     8 |     2 |     1 ||    16
 Stab: Sleeping          |       |       |       |     2 |       |       ||     2
  Eat: Chunk             |     3 |    12 |     9 |    16 |    23 |     1 ||    64
       Ration            |       |       |     2 |     3 |     4 |       ||     9
Armor: Leather armour    |    20 |       |       |       |       |       ||    20
       Scale mail        |    11 |   108 |   119 |       |       |       ||   238
       Plate armour      |       |       |   140 |   104 |   783 |    71 ||  1098
       Ring mail         |       |       |       |   168 |    62 |       ||   230
Dodge: Dodged            |    72 |   111 |   240 |   334 |   502 |    52 ||  1311

Table legend:
 A = Non-vault XP
 B = Vault XP
 C = Vault XP percentage of total XP
 D = Non-vault monster count
 E = Vault monster count
 F = Vault count percentage of total count
                 A         B        C        D         E       F
            +---------+---------+-------+---------+---------+-------
      Total |  108156 |   34921 |  24.4 |     597 |     123 |  17.1
            +---------+---------+-------+---------+---------+-------
        D:1 |      48 |      18 |  27.3 |      27 |       5 |  15.6
        D:2 |      38 |      37 |  49.3 |       7 |       1 |  12.5
        D:3 |     117 |       0 |   0.0 |      25 |       0 |   0.0
        D:4 |     289 |       0 |   0.0 |      13 |       0 |   0.0
        D:5 |     267 |       0 |   0.0 |      14 |       0 |   0.0
        D:6 |     670 |       0 |   0.0 |      19 |       0 |   0.0
        D:7 |    1874 |    1860 |  49.8 |      38 |      19 |  33.3
        D:8 |    1209 |     469 |  27.9 |      30 |       1 |   3.2
        D:9 |    2975 |      46 |   1.5 |      35 |       1 |   2.8
       D:10 |    5042 |     471 |   8.5 |      39 |       1 |   2.5
       D:11 |    2321 |     781 |  25.2 |      18 |       1 |   5.3
       D:12 |    6495 |    3402 |  34.4 |      42 |      10 |  19.2
       D:13 |    3419 |    2169 |  38.8 |      23 |       3 |  11.5
     Lair:1 |    6323 |     111 |   1.7 |      25 |       1 |   3.8
     Lair:2 |    5100 |    3071 |  37.6 |      20 |      13 |  39.4
     Lair:3 |    3066 |    2232 |  42.1 |      10 |       7 |  41.2
     Lair:4 |    3659 |     472 |  11.4 |      13 |       2 |  13.3
     Lair:5 |   13885 |    7375 |  34.7 |      47 |      25 |  34.7
     Lair:6 |    9214 |    7026 |  43.3 |      33 |      24 |  42.1
   Spider:1 |   13156 |    1915 |  12.7 |      41 |       8 |  16.3
   Spider:2 |   21903 |    3466 |  13.7 |      59 |       1 |   1.7
   Spider:3 |    3515 |       0 |   0.0 |       8 |       0 |   0.0
   Spider:4 |    3571 |       0 |   0.0 |      11 |       0 |   0.0
            +---------+---------+-------+---------+---------+-------
